 Dungeon Crawl Stone Soup version 0.26-a0-834-g69557b85cc (webtiles) character file.

Game seed: 18200704906734516729

106 DocClef the Covert (level 4, -1/41 HPs)
             Began as a Gnoll Delver on Nov 16, 2020.
             Slain by Blork the orc
             ... wielding a +0 dire flail
              (5 damage)
             ... on level 4 of the Dungeon.
             The game lasted 00:00:56 (808 turns).

DocClef the Covert (Gnoll Delver)                    Turns: 808, Time: 00:00:57

Health: -1/41      AC:  3    Str: 15    XL:     4   Next: 84%
Magic:  5/5        EV: 14    Int: 12    God:
Gold:   0          SH:  0    Dex: 17    Spells: 5/5 levels left

rFire    . . .     SeeInvis .   a - +0 mace
rCold    . . .     Faith    .   (no shield)
rNeg     . . .     Spirit   .   b - +0 leather armour
rPois    .         Reflect  .   (no helmet)
rElec    .         Harm     .   (no cloak)
rCorr    .         Rampage  .   (no gloves)
MR       .....                  (no boots)
Stlth    ++++......             (no amulet)
HPRegen  0.13/turn              (no ring)
MPRegen  0.09/turn              (no ring)

@: no status effects
A: distributed training, fangs 1, strong nose
a: no special abilities


You were on level 4 of the Dungeon.
You visited 1 branch of the dungeon, and saw 2 of its levels.

Inventory:

Hand Weapons
 a - a +0 mace (weapon)
Armour
 b - a +0 leather armour (worn)
Wands
 g - a wand of digging (3)
Scrolls
 c - a scroll of fog
 d - a scroll of magic mapping
 e - a scroll of fear
 h - a scroll of immolation {unknown}
 i - a scroll of remove curse {unknown}
 j - a scroll of amnesia {unknown}
Potions
 f - a potion of haste


   Skills:
 + Level 6.6 Fighting
 + Level 1.2 Short Blades
 + Level 1.2 Long Blades
 + Level 1.2 Axes
 + Level 4.7 Maces & Flails
 + Level 1.2 Polearms
 + Level 1.2 Staves
 + Level 1.2 Slings
 + Level 1.2 Bows
 + Level 1.2 Crossbows
 + Level 1.2 Throwing
 + Level 1.2 Armour
 + Level 4.7 Dodging
 + Level 9.6 Stealth
 + Level 1.2 Shields
 + Level 1.2 Unarmed Combat
 + Level 1.2 Spellcasting
 + Level 1.0 Conjurations
 + Level 1.0 Hexes
 + Level 1.0 Summonings
 + Level 1.0 Necromancy
 + Level 1.0 Translocations
 + Level 1.0 Transmutations
 + Level 1.0 Fire Magic
 + Level 1.0 Ice Magic
 + Level 1.0 Air Magic
 + Level 1.0 Earth Magic
 + Level 1.0 Poison Magic
 + Level 1.4 Invocations
 + Level 1.2 Evocations


You had 5 spell levels left.
You didn't know any spells.
Your spell library was empty.

Dungeon Overview and Level Annotations

Branches:
Dungeon (5/15)
 Temple: D:4-7

Altars:

Annotations:
D:4 Blork the orc


Innate Abilities, Weirdness & Mutations

Your experience applies equally to all skills.
You have very sharp teeth.
Your uncanny sense of smell can sniff out nearby items.


Message History

Your Translocations skill increases to level 1!
Your Transmutations skill increases to level 1!
Your Fire Magic skill increases to level 1!
Your Ice Magic skill increases to level 1!
Your Air Magic skill increases to level 1!
Your Earth Magic skill increases to level 1!
Your Poison Magic skill increases to level 1!
Evoke which item? (* to show all) (? for menu, Esc to quit)
Okay, then.
You hit something but do no damage. You bite something. Something hits you.
You sock something!
You hear some strange, mumbled words.
A magic dart appears from out of thin air!
The magic dart hits you. Something hits you!
* * * LOW HITPOINT WARNING * * *
You barely miss something. Something barely misses you.
You sock something! Something hits you.
* * * LOW HITPOINT WARNING * * *
Something hits you.
You die...

...#######.#
#.# ##.## #
..........# #.#
##...# #.
#.######..#
#.###.#(#.
#..##.######..#
#.##......
#.........##..#
#.##..#.#.
#..>......##..#
#....#...#
#.........##..#
###..##...
#.........##..#
#..#####
#.........{@..#
∆ ...#
#.......!.##.##
.....
#............#
.....##
#.........####
..#..#
#........>#
.[....
##.######## #.
∆ ∆


There were no monsters in sight!

Vanquished Creatures
  2 hounds
  A worker ant (D:5)
  An adder (D:5)
  A white imp (D:5)
  An ufetubus (D:5)
  A leopard gecko (D:5)
  A ball python (D:5)
  A giant cockroach (D:4)
9 creatures vanquished.

Notes
Turn   | Place    | Note
-------+----------+-------------------------------------------
     0 | D:5      | Reached skill level 9 in Stealth
     0 | D:5      | DocClef the Gnoll Delver began the quest for the Orb.
     0 | D:5      | Reached XP level 1. HP: 23/23 MP: 1/1
    43 | D:5      | Reached XP level 2. HP: 25/29 MP: 2/2
    70 | D:4      | Noticed Blork the orc
    85 | D:5      | Reached skill level 1 in Invocations
    85 | D:5      | Reached XP level 3. HP: 23/35 MP: 2/4
   250 | D:5      | Reached skill level 1 in Short Blades
   250 | D:5      | Reached skill level 1 in Long Blades
   250 | D:5      | Reached skill level 1 in Axes
   250 | D:5      | Reached skill level 1 in Polearms
   250 | D:5      | Reached skill level 1 in Staves
   250 | D:5      | Reached skill level 1 in Slings
   250 | D:5      | Reached skill level 1 in Bows
   250 | D:5      | Reached skill level 1 in Crossbows
   250 | D:5      | Reached skill level 1 in Throwing
   250 | D:5      | Reached skill level 1 in Armour
   250 | D:5      | Reached skill level 1 in Shields
   250 | D:5      | Reached skill level 1 in Unarmed Combat
   250 | D:5      | Reached skill level 1 in Spellcasting
   250 | D:5      | Reached skill level 1 in Evocations
   250 | D:5      | Reached XP level 4. HP: 29/41 MP: 5/5
   805 | D:4      | Reached skill level 1 in Conjurations
   805 | D:4      | Reached skill level 1 in Hexes
   805 | D:4      | Reached skill level 1 in Summonings
   805 | D:4      | Reached skill level 1 in Necromancy
   805 | D:4      | Reached skill level 1 in Translocations
   805 | D:4      | Reached skill level 1 in Transmutations
   805 | D:4      | Reached skill level 1 in Fire Magic
   805 | D:4      | Reached skill level 1 in Ice Magic
   805 | D:4      | Reached skill level 1 in Air Magic
   805 | D:4      | Reached skill level 1 in Earth Magic
   805 | D:4      | Reached skill level 1 in Poison Magic
   808 | D:4      | Slain by Blork the orc

Illustrated notes

Levels and vault maps discovered:
D:4:      layout_loops_ring, minmay_temple_entry_nine_rooms, uniq_blork_the_orc,
          uniq_menkaure, uniq_duvessa, uniq_edmund
D:5:      layout_loops_cross

Skill      XL: |  1  2  3  4 |
---------------+-------------+-----
Stealth        | |  9.6
Invocations    | 1 |  1.4
Short Blades   | 1 |  1.2
Long Blades    | 1 |  1.2
Axes           | 1 |  1.2
Polearms       | 1 |  1.2
Staves         | 1 |  1.2
Slings         | 1 |  1.2
Bows           | 1 |  1.2
Crossbows      | 1 |  1.2
Throwing       | 1 |  1.2
Armour         | 1 |  1.2
Shields        | 1 |  1.2
Unarmed Combat | 1 |  1.2
Spellcasting   | 1 |  1.2
Evocations     | 1 |  1.2
Conjurations   | 1 |  1.0
Hexes          | 1 |  1.0
Summonings     | 1 |  1.0
Necromancy     | 1 |  1.0
Translocations | 1 |  1.0
Transmutations | 1 |  1.0
Fire Magic     | 1 |  1.0
Ice Magic      | 1 |  1.0
Air Magic      | 1 |  1.0
Earth Magic    | 1 |  1.0
Poison Magic   | 1 |  1.0
Fighting       | |  6.6
Maces & Flails | |  4.7
Dodging        | |  4.7

Action                   |  1- 3 |  4- 6 || total
-------------------------+-------+-------++-------
Melee: Mace              |    14 |    31 ||    45
       Bite              |     2 |     4 ||     6
       Punch             |     1 |       ||     1
 Stab: Sleeping          |     1 |     1 ||     2
Armor: Leather armour    |     2 |     2 ||     4
Dodge: Dodged            |    14 |    36 ||    50

Table legend: (Time is in decaauts)
 A = Elapsed time spent in this place.
 B = Non-inter-level travel time spent in this place.
 C = Inter-level travel time spent in this place.
 D = Time resting spent in this place.
 E = Time spent auto-exploring this place.
 F = Levels seen in this place.
 G = Mean time per level.
                   A        B        C        D        E       F      G
               +--------+--------+--------+--------+--------+-----+--------+
         Total |    817 |    817 |      0 |    536 |    160 |   2 |  408.5 |
       Dungeon |    817 |    817 |      0 |    536 |    160 |   2 |  408.5 |
               +--------+--------+--------+--------+--------+-----+--------+

Top non-repeatable levels by time:
     D:5: 583 daAuts
     D:4: 233 daAuts
